 Dungeon Crawl Stone Soup version 0.31-a0-214-gb37851dbb3 (webtiles) character file.

Game seed: 12693848128735181850

51 qw the Chopper (level 3, 0/23 HPs)
             Began as a Gargoyle Fighter on July 1, 2023.
             Slain by a gnoll
             ... wielding a +0 spear
              (1 damage)
             ... on level 2 of the Dungeon.
             The game lasted 00:00:27 (795 turns).

qw the Chopper (Gargoyle Fighter)                    Turns: 795, Time: 00:00:27

Health: 0/23       AC: 12    Str: 21    XL:     3   Next: 81%
Magic:  3/3        EV:  7    Int:  3    God:
Gold:   86         SH:  4    Dex:  9    Spells: 2/2 levels left

rFire   . . .        j - +7 broad axe (heavy)
rCold   . . .        c - +0 buckler
rNeg    + . .        i - +0 chain mail
rPois   inf          (no helmet)
rElec   +            (no cloak)
rCorr   .            a - -1 pair of gloves of Kaajogei {Rampage Regen+ Int-5 Stlth+}
SInv    .            (no boots)
Will    .....        (no amulet) Stlth
                     (no ring)
HPRegen 1.03/turn    (no ring)
MPRegen 0.08/turn

%: rampage
@: no status effects
A: sickness immunity, AC +3, negative energy resistance 1, electricity
resistance, torment resistance 1, petrification resistance
a: no special abilities


You were on level 2 of the Dungeon.
You visited 1 branch of the dungeon, and saw 2 of its levels.

You collected 86 gold pieces.


Innate Abilities, Weirdness & Mutations

You are immune to sickness and miasma.
Your stone body is resilient. (AC +3)
You are immune to poison.
You resist negative energy. (rN+)
You are resistant to electric shocks. (rElec)
You are resistant to unholy torment.
You are immune to petrification.


   Skills:
 - Level 3.2 Fighting
 + Level 3.3 Axes
 - Level 1.0 Throwing
 - Level 3.2 Armour
 - Level 3.2 Shields


You had 2 spell levels left.
You didn't know any spells.
Your spell library was empty.

Inventory:

Hand Weapons
 e - a +0 club
 j - a +7 heavy broad axe (weapon)
Missiles
 g - 2 javelins (quivered)
Armour
 a - the -1 pair of gloves of Kaajogei (worn) {Rampage Regen+ Int-5 Stlth+}
   (You acquired it on level 1 of the Dungeon)

   Int:       It affects your intelligence (-5).
   Regen:     It increases your rate of health regeneration.
   Rampage:   It bestows one free step when moving towards enemies.
   Stlth:     It makes you more stealthy.
 c - a +0 buckler (worn)
 i - a +0 chain mail (worn)
Jewellery
 f - a ring of fire
Potions
 d - 2 potions of might
 h - a potion of mutation {unknown}
 k - a potion of ambrosia {unknown}

Dungeon Overview and Level Annotations

Branches:
Dungeon (2/15)

Altars:

Shops:
D:1 [


Message History

g - 2 javelins You now have 86 gold pieces (gained 9).
A gnoll comes into view. It is wielding a +0 spear.
The gnoll shouts!
You hear a shout!
A gnoll comes into view. It is wielding a +0 spear.
You rampage towards the gnoll!
A gnoll and a rat come into view.
An endoplasm comes into view.
The endoplasm quivers.
The gnoll shouts!
You block the gnoll's attack.
You rampage towards the gnoll!
You slice the gnoll!!
You kill the gnoll!
You block the gnoll's attack.
The gnoll hits you from afar with a +0 spear.
A kobold comes into view. It is wielding a +0 club.
You block the gnoll's attack.
The kobold shouts!
You slice the rat!!
You kill the rat!
The gnoll hits you from afar with a +0 spear!
The endoplasm jiggles.
You slash the endoplasm!
You kill the endoplasm!
A gnoll comes into view. It is wielding a +0 spear.
The gnoll hits you from afar with a +0 spear.
The gnoll hits you from afar with a +0 spear!
Your Throwing skill increases to level 1!
You rampage towards the gnoll!
You slice the gnoll!!
You kill the gnoll!
You hit the gnoll.
The gnoll hits you but does no damage. x2; The kobold hits you with a +0 club.
You barely miss the gnoll.
The gnoll is heavily wounded.
You barely miss the kobold. The kobold hits you but does no damage.
You block the gnoll's attack.
The gnoll hits you from afar with a +0 spear. x2
The kobold hits you but does no damage. The gnoll hits you with a +0 spear.
The gnoll hits you but does no damage. You block the kobold's attack.
The gnoll hits you from afar with a +0 spear.
You die...

#.#####...##.##
#.# ##.## # #.#
#.## #.# #..#
#.# ##.# #.#
#######.#
........#
...####@#
......gK...#
##.####g####
#.# #.. #.# #.#
#.#


You could see 2 gnolls and a kobold.

Vanquished Creatures
  2 gnolls (D:2)
  An adder (D:2)
  2 endoplasms
  A giant cockroach (D:1)
  2 goblins (D:1)
  A hobgoblin (D:1)
  A ball python (D:1)
  5 bats
  3 frilled lizards (D:1)
  4 kobolds (D:1)
  3 rats
25 creatures vanquished.

Notes
Turn   | Place    | Note
-------+----------+-------------------------------------------
     0 | D:1      | qw the Gargoyle Fighter began the quest for the Orb.
     0 | D:1      | Reached XP level 1. HP: 14/14 MP: 1/1
     0 | D:1      | 0 ||| qw: Version: 0.3-a-32-g5962c71
     0 | D:1      | 0 ||| qw: Game counter: 7642
     0 | D:1      | 0 ||| qw: Melee chars always use a shield: true
     0 | D:1      | 0 ||| qw: God list: Okawaru
     0 | D:1      | 0 ||| qw: Allow faded altars: false
     0 | D:1      | 0 ||| qw: Do Orc after clearing Dungeon:15 true
     0 | D:1      | 0 ||| qw: Do second Lair branch before Depths: true
     0 | D:1      | 0 ||| qw: Lair rune preference: random
     0 | D:1      | 0 ||| qw: Goals: Normal, Zot:1-4, Slime:5, God:TSO, Crypt,
                  | Tomb, Abyss, Pan, Hells, Win
     0 | D:1      | 0 ||| PLANNING D:1-11
   155 | D:1      | 155 ||| Stepping ~*~*~tactically~*~*~ (stealth).
   164 | D:1      | Reached XP level 2. HP: 19/19 MP: 2/2
   340 | D:1      | Found Tunock's Antique Armour Boutique.
   347 | D:1      | 347 ||| SHOPLISTING jasper-encrusted ring mail (216 gold,
                  | have 61).
   347 | D:1      | 347 ||| SHOPLISTING runed cloak (180 gold, have 61).
   347 | D:1      | 347 ||| SHOPLISTING runed hat (168 gold, have 61).
   347 | D:1      | 347 ||| SHOPLISTING shiny scale mail (168 gold, have 61).
   355 | D:1      | 355 ||| Stepping ~*~*~tactically~*~*~ (stealth).
   595 | D:1      | 595 ||| UPGRADING to +0 chain mail.
   605 | D:1      | 605 ||| DROPPING +0 scale mail.
   606 | D:1      | 606 ||| READING scroll labelled OHARHU GAILACA.
   610 | D:1      | 610 ||| READING scroll labelled ECKOILIGUDA.
   711 | D:1      | 711 ||| READING 3 scrolls labelled RILENW ZEL MUA.
   711 | D:1      | Identified 3 scrolls of acquirement
   711 | D:1      | 711 ||| ACQUIRING -1 pair of gloves of Kaajogei {Rampage
                  | Regen+ Int-5 Stlth+}
   711 | D:1      | Acquired the -1 pair of gloves of Kaajogei {Rampage Regen+
                  | Int-5 Stlth+}
   713 | D:1      | 713 ||| UPGRADING to -1 pair of gloves of Kaajogei {Rampage
                  | Regen+ Int-5 Stlth+}.
   718 | D:1      | 718 ||| READING 2 scrolls of acquirement.
   718 | D:1      | 718 ||| ACQUIRING +1 heavy broad axe
   718 | D:1      | Acquired a +1 heavy broad axe
   720 | D:1      | 720 ||| SWAPPING to +1 heavy broad axe.
   721 | D:1      | 721 ||| DROPPING +0 war axe.
   722 | D:1      | 722 ||| READING scroll of acquirement.
   722 | D:1      | 722 ||| ACQUIRING +7 heavy broad axe
   722 | D:1      | Acquired a +7 heavy broad axe
   724 | D:1      | 724 ||| SWAPPING to +7 heavy broad axe.
   725 | D:1      | 725 ||| DROPPING +1 heavy broad axe.
   751 | D:2      | Reached skill level 3 in Axes
   751 | D:2      | Reached XP level 3. HP: 23/23 MP: 3/3
   794 | D:2      | Reached skill level 1 in Throwing
   795 | D:2      | HP: 5/23 [gnoll/+0 spear (3)]
   795 | D:2      | HP: 1/23 [gnoll/+0 spear (4)]
   795 | D:2      | Slain by a gnoll

Levels and vault maps discovered:
D:1:      sevenhm_arrival_forest_fort_small_3, layout_basic, serial_shops, shop,
          minmay_misc_feat_tower
D:2:      layout_loops_ring

Skill      XL: |  1  2  3 |
---------------+----------+-----
Axes           | 2 3 |  3.3
Throwing       | 1 |  1.0
Fighting       | |  3.2
Armour         | |  3.2
Shields        | |  3.2

Action                     || total
---------------------------++-------
  Melee: War axe           ||    58
         Broad axe         ||     8
  Throw: Javelin           ||    25
    Use: Scroll            ||     5
 Armour: Scale mail        ||    39
         Chain mail        ||    10
  Dodge: Dodged            ||    23
  Block: Buckler           ||    16

Table legend:
 A = Non-vault XP
 B = Vault XP
 C = Vault XP percentage of total XP
 D = Non-vault monster count
 E = Vault monster count
 F = Vault count percentage of total count
                 A         B        C        D         E       F
            +---------+---------+-------+---------+---------+-------
      Total |      73 |       0 |   0.0 |      25 |       0 |   0.0
            +---------+---------+-------+---------+---------+-------
        D:1 |      27 |       0 |   0.0 |      19 |       0 |   0.0
        D:2 |      46 |       0 |   0.0 |       6 |       0 |   0.0
            +---------+---------+-------+---------+---------+-------
